 Dungeon Crawl Stone Soup version 0.17-a0-915-g8914353 (webtiles) character file.

21 ohyou the Sneak (level 2, 0/22 HPs)
             Began as a Naga Ice Elementalist on May 4, 2015.
             Slain by a goblin
             ... wielding a +0 club
              (6 damage)
             ... on level 1 of the Dungeon.
             The game lasted 00:08:14 (819 turns).

ohyou the Sneak (Naga Ice Elementalist)              Turns: 819, Time: 00:08:14

Health: 0/22       AC:  1    Str: 15    XL:     2   Next: 83%
Magic:  0/5        EV: 10    Int: 15    God:
Gold:   12         SH:  0    Dex: 11    Spells: 2 memorised, 2 levels left

rFire  . . .     SeeInvis +     (no weapon)
rCold  . . .     Clarity  .     a - +0 robe
rNeg   . . .     SustAb   .     (no shield)
rPois  +         Gourm    .     (no helmet)
rElec  .         Spirit   .     (no cloak)
rCorr  .         Warding  .     (no gloves)
rMut   .         Stasis   .     (no barding)
MR     .....                    (no amulet)
Stlth  +++.......               (no ring)
                                f - ring of teleport control

@: mighty, very slow, not resistant to hostile enchantments, fairly stealthy
A: see invisible, deformed body, poison resistance, slowness 2, slow metabolism
1, spit poison 2, AC +0
a: Spit Poison, Evoke Teleport Control


You were on level 1 of the Dungeon.
You were not hungry.

You visited 1 branch of the dungeon, and saw 1 of its levels.

You collected 12 gold pieces.

Inventory:

Armour
 a - a +0 robe (worn)
Jewellery
 f - a ring of teleport control (left hand)
Books
 b - a book of Frost

   Spells                             Type                      Level
   a - Freeze                         Ice                          1
   b - Throw Frost                    Conjuration/Ice              2
   c - Ozocubu's Armour               Charms/Ice                   3
   d - Throw Icicle                   Conjuration/Ice              4
   e - Summon Ice Beast               Ice/Summoning                4
   f - Condensation Shield            Ice                          4
Comestibles
 c - a bread ration


   Skills:
 + Level 1.9 Dodging
 * Level 3.9 Stealth
 * Level 2.1 Spellcasting
 - Level 1.0 Conjurations
 + Level 3.2 Ice Magic


You had 2 spell levels left.
You knew the following spells:

 Your Spells              Type           Power        Failure   Level  Hunger
a - Freeze                Ice            ##..         8%          1    #......
b - Throw Frost           Conj/Ice       #.....       14%         2    ###....


Dungeon Overview and Level Annotations

Branches:
Dungeon (1/15)

Altars:

Annotations:
D:1 exclusion: jackal


Innate Abilities, Weirdness & Mutations

You cannot wear boots.
Your serpentine skin is tough (AC +0).
You have supernaturally acute eyesight.
Armour fits poorly on your strangely shaped body.
Your system is resistant to poisons.
You cover ground very slowly.
You have a slow metabolism.
You can spit poison.


Message History

* * * LOW HITPOINT WARNING * * *
The hobgoblin hits you with a club.
* * * LOW HITPOINT WARNING * * *
Drink which item? (? for menu, Esc to quit)
It was a potion of might.
You feel very mighty all of a sudden. The goblin closely misses you.
Drink which item? (? for menu, Esc to quit)
You feel better. The hobgoblin hits you with a club!
* * * LOW HITPOINT WARNING * * *
Casting: Freeze
Confirm with . or Enter, or press ? or * to list all spells.
Aiming: Freeze
Press: ? - help, Shift-Dir - straight line, f/p - hobgoblin
Aim: a hobgoblin, wielding a club (severely wounded)
You freeze the hobgoblin.
You kill the hobgoblin!
The goblin hits you but does no damage. The goblin hits you with a club.
You die...

....... #.# .# #.#
.# #.# .#### #.#
....###########.#
)...............####
....#####........#.#
......#
#..........###
......#
#.....)g@....#
......#
#.#####......#
######## ......# #.#
#......# #.......
......# #.#
#......#####.......
......# #.#
#..................
.###### #.#
#......#####.......
#.#
#......#####.......
#.#
#.........######.##
#.# #####.....# #.##


You could see a goblin.

Vanquished Creatures
  An ooze (D:1)
  A giant gecko (D:1)
  2 giant cockroaches (D:1)
  3 hobgoblins (D:1)
  A bat (D:1)
  4 kobolds (D:1)
  2 rats (D:1)
14 creatures vanquished.

Notes
Turn   | Place    | Note
--------------------------------------------------------------
     0 | D:1      | ohyou, the Naga Ice Elementalist, began the quest for the Orb.
     0 | D:1      | Reached XP level 1. HP: 15/15 MP: 3/3
   270 | D:1      | Reached XP level 2. HP: 19/22 MP: 0/5
   293 | D:1      | Learned a level 2 spell: Throw Frost
   414 | D:1      | HP: 1/22 [kobold/short sword (1)]
   814 | D:1      | HP: 1/22 [hobgoblin/club (5)]
   819 | D:1      | Slain by a goblin

Action                   || total
-------------------------++-------
Melee: Unarmed           ||     1
 Cast: Freeze            ||    22
       Throw Frost       ||     4
  Use: Potion            ||     3
